 Dungeon Crawl Stone Soup version 0.22.1-1-ga44c0e5 (webtiles) character file.

52 Heatsaber the Chiller (level 3, 0/18 HPs)
             Began as a Vine Stalker Ice Elementalist on Sept 28, 2018.
             Slain by an adder (1 damage)
             ... on level 2 of the Dungeon.
             The game lasted 00:14:05 (1895 turns).

Heatsaber the Chiller (VSIE)                        Turns: 1895, Time: 00:14:06

Health: 0/18       AC:  7    Str: 10    XL:     3   Next: 85%
Magic:  0/9        EV: 12    Int: 16    God:
Gold:   74         SH:  0    Dex: 14    Spells: 2/8 levels left

rFire    . . .     SeeInvis .   j - +1 dagger
rCold    . . .     Gourm    .   (no shield)
rNeg     . . .     Faith    .   a - +0 robe
rPois    .         Spirit   +   (no helmet)
rElec    .         Reflect  .   (no cloak)
rCorr    .         Harm     .   (no gloves)
MR       .....                  (no boots)
Stlth    ++........             (no amulet)
HPRegen  0.46/turn              (no ring)
MPRegen  0.11/turn              (no ring)

@: lethally poisoned (0 -> 0), icy armour, slowed, very slow
A: fangs 2, blink, high mp 1, regeneration 1, magic shield, antimagic bite, no
potion heal 3, rot immunity
a: Blink


You were on level 2 of the Dungeon.
You were not hungry.

You visited 1 branch of the dungeon, and saw 2 of its levels.

You collected 74 gold pieces.

Inventory:

Hand Weapons
 j - a +1 dagger (weapon)
Armour
 a - a +0 robe (worn)
Potions
 b - a potion of brilliance {unknown}
 e - a potion of curing {unknown}
 g - a potion of ambrosia {unknown}
Comestibles
 c - 6 rations
 h - a chunk of flesh


   Skills:
 + Level 1.5 Fighting
 - Level 1.5 Dodging
 - Level 2.4 Stealth
 + Level 3.0 Spellcasting
 - Level 1.0 Conjurations
 + Level 3.6 Ice Magic


You had 2 spell levels left.
You knew the following spells:

 Your Spells              Type           Power        Failure   Level  Hunger
a - Freeze                Ice            ##..         4%          1    #......
b - Throw Frost           Conj/Ice       #.....       11%         2    ##.....
c - Ozocubu's Armour      Chrm/Ice       #.......     26%         3    ###....

Your spell library contained the following spells:

 Spells                   Type           Power        Failure   Level  Hunger
 Throw Icicle             Conj/Ice       #.......     58%         4    #####..
 Summon Ice Beast         Ice/Summ       #.......     65%         4    #####..


Dungeon Overview and Level Annotations

Branches:
Dungeon (2/15)

Altars:

Annotations:
D:2 Natasha, Robin


Innate Abilities, Weirdness & Mutations

You have extremely sharp teeth.
When hurt, damage is shared between your health and your magic reserves.
Your bite disrupts and absorbs the magic of your enemies.
Potions cannot restore your health.
You are immune to rotting.
You can translocate small distances at will.
You have an increased reservoir of magic. (+10% MP)
Your natural rate of healing is unusually fast.


Message History

You feel sick. The adder misses you. Natasha closely misses you.
The adder bites you but does no damage. Natasha claws you!
* * * LOW HITPOINT WARNING * * *
It was a potion of mutation.
You feel extremely strange.
You feel jittery.
You begin to heal more quickly.
You feel more energetic.
You feel sick. The adder closely misses you. Natasha casts a spell at you.
The magic dart hits you!
* * * LOW HITPOINT WARNING * * *
The adder barely misses you.
Unknown command.
Unknown command.
Unknown command.
Unknown command.
Unknown command.
Unknown command.
You completely miss Natasha.
Natasha is moderately wounded.
Natasha barely misses you. The adder bites you.
You die...

........##.................. ..
........##.................. ..
..).....##.................. ..
........................†... ..
##....................#..... ..
#.......................... ..
...................)..##.......
.............##+##....##.......
.............S@.............##.
.............h5..#...((.....##.
.................#..........++.
.....#..........#...........#.
....#......................##
.. #.....(................##
#........................
#...............#######..
...........#.. ..


You could see Natasha, a crimson imp and an adder.

Vanquished Creatures
  A dart slug (D:2)
  2 leopard geckos
  3 ball pythons (D:1)
  3 bats (D:1)
  3 giant cockroaches (D:1)
  5 goblins
  3 hobgoblins
  8 jackals (D:1)
  A quokka (D:2)
  5 frilled lizards
  5 kobolds
  2 rats
41 creatures vanquished.

Notes
Turn   | Place    | Note
-------+----------+-------------------------------------------
     0 | D:1      | Heatsaber the Vine Stalker Ice Elementalist began the quest
                  | for the Orb.
     0 | D:1      | Reached XP level 1. HP: 9/9 MP: 4/4
   160 | D:1      | Reached XP level 2. HP: 10/14 MP: 0/6
   240 | D:1      | Learned a level 2 spell: Throw Frost
   448 | D:1      | Reached skill level 1 in Fighting
   831 | D:1      | Reached XP level 3. HP: 9/18 MP: 2/8
   936 | D:1      | Learned a level 3 spell: Ozocubu's Armour
  1488 | D:2      | Noticed Robin
  1881 | D:2      | Noticed Natasha
  1894 | D:2      | Gained mutation: You can translocate small distances at
                  | will. [potion of mutation]
  1894 | D:2      | Gained mutation: Your natural rate of healing is unusually
                  | fast. [potion of mutation]
  1894 | D:2      | Gained mutation: You have an increased reservoir of magic.
                  | (+10% MP) [potion of mutation]
  1895 | D:2      | Slain by an adder

Skill      XL: |  1  2  3 |
---------------+----------+-----
Fighting       | 1 |  1.5
Spellcasting   | 3 |  3.0
Dodging        | |  1.5
Stealth        | |  2.4
Conjurations   | |  1.0
Ice Magic      | |  3.6

Action                   || total
-------------------------++-------
Melee: Unarmed           ||     4
       Dagger            ||    23
       Bite              ||     7
 Cast: Freeze            ||    51
       Throw Frost       ||     7
       Ozocubu's Armour  ||     2
  Use: Scroll            ||     2
       Potion            ||     1
 Stab: Sleeping          ||     5
  Eat: Chunk             ||     4
Armor: Robe              ||    16
Dodge: Dodged            ||    73
